 Dungeon Crawl Stone Soup version 0.32-a0-576-g706899e69d (webtiles) character file.

Game seed: 5198979448682889250

176 Dittersdorf the Trooper (level 5, -3/34 HPs)
             Began as a Gargoyle Fighter on Mar 1, 2024.
             Slain by a gnoll
             ... wielding a +0 spear
              (7 damage)
             ... on level 3 of the Dungeon.
             The game lasted 00:01:21 (1677 turns).

Dittersdorf the Trooper (Gargoyle Fighter)          Turns: 1677, Time: 00:01:21

Health: -3/34      AC: 11    Str: 21    XL:     5   Next: 56%
Magic:  5/5        EV:  9    Int:  9    God:
Gold:   49         SH:  4    Dex:  9    Spells: 4/4 levels left

rFire   . . .        a - +0 flail
rCold   . . .        c - +0 buckler
rNeg    + . .        b - +0 scale mail
rPois   ∞            (no helmet)
rElec   +            (no cloak)
rCorr   .            (no gloves)
SInv    .            (no boots)
Will    .....        (no amulet) Stlth
                     (no ring)
HPRegen 0.25/turn    (no ring)
MPRegen 0.09/turn

%: no passive effects
@: no status effects
A: sickness immunity, AC +4, negative energy resistance 1, electricity
resistance, torment resistance 1, petrification resistance
a: no special abilities


You were on level 3 of the Dungeon.
You visited 1 branch of the dungeon, and saw 3 of its levels.

You collected 49 gold pieces.

Inventory:

Hand Weapons
 a - a +0 flail (weapon)
Armour
 b - a +0 scale mail (worn)
 c - a +0 buckler (worn)
Jewellery
 e - a ring of wizardry
Scrolls
 f - 5 scrolls of identify {unknown}
 g - a scroll of immolation {unknown}
 k - a scroll of poison {unknown}
 l - 2 scrolls of fog {unknown}
Potions
 d - a potion of might
 h - a potion of mutation {unknown}
 i - a potion of resistance {unknown}
 j - a potion of brilliance {unknown}
 m - a potion of berserk rage {unknown}


   Skills:
 + Level 4.3 Fighting
 + Level 3.2 Maces & Flails
 + Level 4.3 Armour
 + Level 4.3 Shields


You had 4 spell levels left.
You didn't know any spells.
Your spell library contained the following spells:

 Spells                   Type           Power      Damage    Failure   Level
 Summon Small Mammal      Summ           0%         N/A       78%         1
 Call Canine Familiar     Summ           0%         N/A       98%         3
 Summon Blazeheart Golem  Fire/Summ      0%         N/A       100%        4


Dungeon Overview and Level Annotations

Branches:
Dungeon (3/15)

Altars:


Innate Abilities, Weirdness & Mutations

You are immune to sickness and miasma.
Your stone body is resilient. (AC +4)
You are immune to poison.
You resist negative energy. (rN+)
You are resistant to electric shocks. (rElec)
You are resistant to unholy torment.
You are immune to petrification.


Message History

The gnoll is moderately wounded.
You block the gnoll's attack. The gnoll hits you with a +0 spear.
You hit the gnoll.
The gnoll is severely wounded.
The gnoll hits you from afar with a +0 spear.
The gnoll hits you with a +0 spear. You block the gnoll's attack.
You sock the gnoll!
You kill the gnoll!
The gnoll hits you from afar with a +0 spear. x2
The gnoll hits you but does no damage. You block the gnoll's attack.
You see here a +0 spear.
You sock the gnoll!
The gnoll is almost dead.
A gnoll comes into view. It is wielding a +0 halberd.
The gnoll hits you but does no damage. The gnoll barely misses you.
You barely miss the gnoll.
The gnoll is almost dead.
The gnoll shouts!
The gnoll barely misses you. You block the gnoll's attack.
You barely miss the gnoll.
The gnoll is almost dead.
The gnoll hits you with a +0 spear. You block the gnoll's attack.
The gnoll hits you from afar with a +0 halberd!
The gnoll completely misses you.
You barely miss the gnoll.
The gnoll is severely wounded.
The gnoll barely misses you.
The gnoll hits you from afar with a +0 halberd.
* * * LOW HITPOINT WARNING * * *
The gnoll hits you but does no damage. The gnoll barely misses you.
The gnoll hits you from afar with a +0 spear.
* * * LOW HITPOINT WARNING * * *
The gnoll hits you from afar with a +0 spear.
* * * LOW HITPOINT WARNING * * *
The gnoll attacks as it pursues you!
The gnoll hits you from afar with a +0 spear.
* * * LOW HITPOINT WARNING * * *
The gnoll attacks as it pursues you!
The gnoll hits you from afar with a +0 spear!
You die...

.................#
....................#.......#
........#..#........#.......#
................<...........#
........# #.................#
........ ##.................##
..!.... ##...................#
......###....................#
## #.....#.....@............#
.####....###............######
........## ##.g..)......#
...#.....####)gw.......######
...(........g........#......#
....#####..........#........#
.................#####......#
..††#####....#.### #.......#
...## ##..†#.# #.......#


You could see 3 gnolls and a dart slug.

Vanquished Creatures
  A bombardier beetle (D:2)
  An iguana (D:3)
  Terence (D:2)
  2 adders (D:2)
  A gnoll (D:3)
  2 dart slugs (D:3)
  2 ribbon worms
  3 ball pythons
  2 bats
  6 endoplasms
  4 giant cockroaches
  7 goblins
  4 hobgoblins
  6 jackals (D:2)
  A quokka (D:2)
  4 frilled lizards
  9 kobolds
  A rat (D:2)
57 creatures vanquished.

Notes
Turn   | Place    | Note
-------+----------+-------------------------------------------
     0 | D:1      | Dittersdorf the Gargoyle Fighter began the quest for the
                  | Orb.
     0 | D:1      | Reached XP level 1. HP: 14/14 MP: 1/1
    81 | D:1      | Reached XP level 2. HP: 19/19 MP: 2/2
   625 | D:2      | Noticed a bombardier beetle
   630 | D:2      | Killed a bombardier beetle
   631 | D:2      | Reached XP level 3. HP: 24/24 MP: 3/3
   715 | D:2      | Reached XP level 4. HP: 29/29 MP: 4/4
   974 | D:2      | Noticed Terence
   981 | D:2      | Killed Terence
  1167 | D:2      | Reached XP level 5. HP: 33/33 MP: 5/5
  1677 | D:3      | Slain by a gnoll

Illustrated notes

Levels and vault maps discovered:
D:1:      wander_arrival_peaceful_grave, layout_loops_ring
D:2:      minmay_kobold_bridge, layout_loops_ring, fountainhead, uniq_terence
D:3:      layout_rooms, dilly_ecumenical_altar_fadedgnrine

Skill      XL: |  1  2  3  4 |
---------------+-------------+-----
Fighting       | 4 |  4.3
Shields        | 4 |  4.3
Armour         | 4 |  4.3
Maces & Flails | 3 |  3.2

Action                     |  1- 3 |  4- 6 || total
---------------------------+-------+-------++-------
  Melee: Flail             |    59 |   136 ||   195
 Armour: Scale mail        |    43 |   103 ||   146
  Dodge: Dodged            |    19 |    76 ||    95
  Block: Buckler           |     9 |    42 ||    51

Table legend: (Time is in decaauts)
 A = Elapsed time spent in this place.
 B = Non-inter-level travel time spent in this place.
 C = Inter-level travel time spent in this place.
 D = Time resting spent in this place.
 E = Time spent auto-exploring this place.
 F = Levels seen in this place.
 G = Mean time per level.
                   A        B        C        D        E       F      G
               +--------+--------+--------+--------+--------+-----+--------+
         Total |   1736 |   1644 |     92 |      2 |   1207 |   3 |  578.7 |
       Dungeon |   1736 |   1644 |     92 |      2 |   1207 |   3 |  578.7 |
               +--------+--------+--------+--------+--------+-----+--------+

Top non-repeatable levels by time:
     D:2: 842 daAuts
     D:1: 657 daAuts
     D:3: 237 daAuts
